MWL (24 & UNDER)
BARRY'S BAY ORIOLES @ LEE'S SUMMIT TIGERS
07/05/2026
 
TOP OF THE 1ST
Barry's Bay Orioles batting - Pitching for Lee's Summit Tigers : RHP Javier Pacheco
Pitching: RHP Javier Pacheco
Batting: RHB Jason Ward 0-0: Ball
1-0: Ground out 6-3 (Groundball, 6)
Batting: LHB Manuel Pérez 0-0: Ball
1-0: Ground out U3 (Groundball, 3)
Batting: LHB Howard Evans 0-0: Ball
1-0: Ball
2-0: Ball
3-0: Base on Balls
Batting: RHB Sergio Solíz 0-0: SINGLE (Groundball, 56D)
Howard Evans to second
Batting: LHB José Rodríguez 0-0: Ball
1-0: Ball
2-0: Called Strike
2-1: Swinging Strike
2-2: Ball
3-2: Strikes out swinging
Top of the 1st over - 0 run(s), 1 hit(s), 0 error(s), 2 left on base; Barry's Bay 0 - Lee's Summit 0
BOTTOM OF THE 1ST
Lee's Summit Tigers batting - Pitching for Barry's Bay Orioles : LHP Miguel Muñíz
Pitching: LHP Miguel Muñíz
Batting: RHB José López 0-0: Foul Ball, location: 2F
0-1: Foul Ball, location: 2F
0-2: Foul Ball, location: 2F
0-2: Ball
1-2: Strikes out swinging
Batting: RHB Gilberto Ferrer 0-0: Foul Ball, location: 2F
0-1: Ground out 4-3 (Groundball, 4)
Batting: LHB Edward Rose 0-0: Ball
1-0: Foul Ball, location: 2F
1-1: Called Strike
1-2: Ball
2-2: Ball
3-2: Fly out, F8 (Flyball, 8LD)
Bottom of the 1st over - 0 run(s), 0 hit(s), 0 error(s), 0 left on base; Barry's Bay 0 - Lee's Summit 0
TOP OF THE 2ND
Barry's Bay Orioles batting - Pitching for Lee's Summit Tigers : RHP Javier Pacheco
Batting: RHB Guy Morrison 0-0: Fly out, F9 (Flyball, 9M)
Batting: RHB Rob Schmidt 0-0: Ball
1-0: Ground out 5-3 (Groundball, 56S)
Batting: LHB Carlos Romero 0-0: Called Strike
0-1: Swinging Strike
0-2: Strikes out swinging
Top of the 2nd over - 0 run(s), 0 hit(s), 0 error(s), 0 left on base; Barry's Bay 0 - Lee's Summit 0
BOTTOM OF THE 2ND
Lee's Summit Tigers batting - Pitching for Barry's Bay Orioles : LHP Miguel Muñíz
Batting: LHB José López 0-0: Ball
1-0: Fly out, F8 (Flyball, 89XD)
Batting: RHB Flint Todd 0-0: SINGLE (Groundball, 6MD)
Batting: SHB Wayne Matthews 0-0: Called Strike
0-1: Ball
1-1: Ground out 5-3 (Groundball, 15S)
Flint Todd to second
Batting: RHB Michael Hall 0-0: Hit by Pitch
Batting: LHB Milo Powers 0-0: Ball
1-0: Called Strike
1-1: Foul Ball, location: 2F
1-2: Fly out, F8 (Flyball, 8RM)
Bottom of the 2nd over - 0 run(s), 1 hit(s), 0 error(s), 2 left on base; Barry's Bay 0 - Lee's Summit 0
TOP OF THE 3RD
Barry's Bay Orioles batting - Pitching for Lee's Summit Tigers : RHP Javier Pacheco
Batting: RHB Curt Wagner 0-0: Ball
1-0: Ground out 4-3 (Groundball, 4M)
Batting: RHB Jason Ward 0-0: Fly out, F2 (Popup, 2RF)
Batting: LHB Manuel Pérez 0-0: Ball
1-0: Ground out 4-3 (Groundball, 4)
Top of the 3rd over - 0 run(s), 0 hit(s), 0 error(s), 0 left on base; Barry's Bay 0 - Lee's Summit 0
BOTTOM OF THE 3RD
Lee's Summit Tigers batting - Pitching for Barry's Bay Orioles : LHP Miguel Muñíz
Batting: RHB Ricardo Velásquez 0-0: DOUBLE (Line Drive, 89M)
Batting: RHB José López 0-0: Foul Ball, location: 2F
0-1: Ball
1-1: Ball
2-1: Swinging Strike
2-2: Strikes out looking
Batting: RHB Gilberto Ferrer 0-0: SINGLE (Line Drive, 6)
Ricardo Velásquez to third
Batting: LHB Edward Rose 0-0: Called Strike
Gilberto Ferrer is caught stealing 2nd base
0-1: Fly out, F8 (Line Drive, 8LD)
Bottom of the 3rd over - 0 run(s), 2 hit(s), 0 error(s), 1 left on base; Barry's Bay 0 - Lee's Summit 0
TOP OF THE 4TH
Barry's Bay Orioles batting - Pitching for Lee's Summit Tigers : RHP Javier Pacheco
Batting: LHB Howard Evans 0-0: SINGLE (Line Drive, 89S)
Batting: RHB Sergio Solíz 0-0: Ball
1-0: Called Strike
1-1: Ball
2-1: Ball
3-1: Called Strike
3-2: Strikes out swinging
Batting: LHB José Rodríguez 0-0: Called Strike
0-1: Ball
1-1: Foul Ball, location: 2F
1-2: Strikes out looking
Batting: RHB Guy Morrison 0-0: Ball
1-0: Ball
2-0: Called Strike
2-1: Ball
3-1: Foul Ball, location: 2F
3-2: Strikes out swinging
Top of the 4th over - 0 run(s), 1 hit(s), 0 error(s), 1 left on base; Barry's Bay 0 - Lee's Summit 0
BOTTOM OF THE 4TH
Lee's Summit Tigers batting - Pitching for Barry's Bay Orioles : LHP Miguel Muñíz
Batting: LHB José López 0-0: Called Strike
0-1: Foul Ball, location: 2F
0-2: Ball
1-2: Ball
2-2: Foul Ball, location: 2F
2-2: Ball
3-2: Strikes out swinging
Batting: RHB Flint Todd 0-0: Ball
1-0: Ball
2-0: DOUBLE (Groundball, 5L)
Batting: SHB Wayne Matthews 0-0: Swinging Strike
0-1: SINGLE (Flyball, 8LS)
Flint Todd to third
Runner from 3rd tries for Home, SAFE, no throw or cutoff
Batting: RHB Michael Hall 0-0: Called Strike
0-1: Foul Ball, location: 2F
0-2: Ball
1-2: Ball
2-2: Ground out 5-3 (Groundball, 56S)
Wayne Matthews to second
Batting: LHB Milo Powers 0-0: Ball
1-0: Swinging Strike
1-1: Foul Ball, location: 2F
1-2: Ball
2-2: Foul Ball, location: 2F
2-2: Fly out, F8 (Flyball, 8LS)
Bottom of the 4th over - 1 run(s), 2 hit(s), 0 error(s), 1 left on base; Barry's Bay 0 - Lee's Summit 1
TOP OF THE 5TH
Barry's Bay Orioles batting - Pitching for Lee's Summit Tigers : RHP Javier Pacheco
Batting: RHB Rob Schmidt 0-0: Ball
1-0: Ball
2-0: Foul Ball, location: 2F
2-1: Foul Ball, location: 2F
2-2: Strikes out swinging
Batting: LHB Carlos Romero 0-0: Called Strike
0-1: Ball
1-1: Foul Ball, location: 2F
1-2: Foul Ball, location: 2F
1-2: Ball
2-2: Strikes out swinging
Batting: RHB Curt Wagner 0-0: Fly out, F9 (Flyball, 9M)
Top of the 5th over - 0 run(s), 0 hit(s), 0 error(s), 0 left on base; Barry's Bay 0 - Lee's Summit 1
BOTTOM OF THE 5TH
Lee's Summit Tigers batting - Pitching for Barry's Bay Orioles : LHP Miguel Muñíz
Batting: RHB Ricardo Velásquez 0-0: Called Strike
0-1: Foul Ball, location: 2F
0-2: Ball
1-2: Foul Ball, location: 2F
1-2: Ground out 5-3 (Groundball, 5S)
Batting: RHB José López 0-0: Swinging Strike
0-1: Swinging Strike
0-2: Ball
1-2: Fly out, F7 (Flyball, 78M)
Batting: RHB Gilberto Ferrer 0-0: Ball
1-0: DOUBLE (Popup, 8RS)
Batting: LHB Edward Rose 0-0: Ball
1-0: Swinging Strike
1-1: Ball
2-1: Ball
3-1: Fly out, F8 (Flyball, 8LS)
Bottom of the 5th over - 0 run(s), 1 hit(s), 0 error(s), 1 left on base; Barry's Bay 0 - Lee's Summit 1
TOP OF THE 6TH
Barry's Bay Orioles batting - Pitching for Lee's Summit Tigers : RHP Javier Pacheco
Batting: RHB Jason Ward 0-0: Swinging Strike
0-1: Ball
1-1: Ball
2-1: Swinging Strike
2-2: Strikes out swinging
Batting: LHB Manuel Pérez 0-0: Fly out, F7 (Flyball, 8LM)
Batting: LHB Howard Evans 0-0: Ball
1-0: Foul Ball, location: 2F
1-1: Ball
Error on foul ball, E2
2-2: Fly out, F8 (Popup, 8LS)
Top of the 6th over - 0 run(s), 0 hit(s), 1 error(s), 0 left on base; Barry's Bay 0 - Lee's Summit 1
BOTTOM OF THE 6TH
Lee's Summit Tigers batting - Pitching for Barry's Bay Orioles : LHP Miguel Muñíz
Batting: LHB José López 0-0: Ball
1-0: Ball
2-0: Foul Ball, location: 2F
2-1: Ball
3-1: Base on Balls
Batting: RHB Flint Todd 0-0: Ball
1-0: Fielders Choice at 2nd, 6-4 (Groundball, 6)
Batting: SHB Wayne Matthews 0-0: Called Strike
0-1: Grounds into double play, 4-6-3 (Groundball, 4)
Bottom of the 6th over - 0 run(s), 0 hit(s), 0 error(s), 0 left on base; Barry's Bay 0 - Lee's Summit 1
TOP OF THE 7TH
Barry's Bay Orioles batting - Pitching for Lee's Summit Tigers : RHP Javier Pacheco
Batting: RHB Sergio Solíz 0-0: Called Strike
0-1: Foul Ball, location: 2F
0-2: Strikes out looking
Batting: LHB José Rodríguez 0-0: Foul Ball, location: 2F
0-1: Called Strike
0-2: Ball
1-2: Strikes out swinging
Batting: RHB Guy Morrison 0-0: Called Strike
0-1: Called Strike
0-2: Ball
1-2: Foul Ball, location: 2F
1-2: Ball
2-2: Strikes out swinging
Top of the 7th over - 0 run(s), 0 hit(s), 0 error(s), 0 left on base; Barry's Bay 0 - Lee's Summit 1
BOTTOM OF THE 7TH
Lee's Summit Tigers batting - Pitching for Barry's Bay Orioles : LHP Miguel Muñíz
Pitching: RHP Henry Carroll
Batting: RHB Michael Hall 0-0: Ball
1-0: Ball
2-0: Called Strike
2-1: Ground out 4-3 (Groundball, 4M)
Batting: LHB Milo Powers 0-0: Ball
1-0: Foul Ball, location: 2F
1-1: Fly out, F7 (Flyball, 7M)
Batting: RHB Ricardo Velásquez 0-0: Ball
1-0: Ball
2-0: Called Strike
2-1: Called Strike
2-2: Ground out 5-3 (Groundball, 56S)
Bottom of the 7th over - 0 run(s), 0 hit(s), 0 error(s), 0 left on base; Barry's Bay 0 - Lee's Summit 1
TOP OF THE 8TH
Barry's Bay Orioles batting - Pitching for Lee's Summit Tigers : RHP Javier Pacheco
Now at C: Augusto Pérez
Batting: RHB Rob Schmidt 0-0: Swinging Strike
0-1: Ball
1-1: Foul Ball, location: 2F
1-2: Ball
2-2: Fly out, F4 (Popup, 3D)
Batting: LHB Carlos Romero 0-0: Swinging Strike
0-1: Swinging Strike
0-2: Ball
1-2: Strikes out swinging
Batting: RHB Curt Wagner 0-0: Ball
1-0: Foul Ball, location: 2F
1-1: Foul Ball, location: 2F
1-2: Strikes out swinging
Top of the 8th over - 0 run(s), 0 hit(s), 0 error(s), 0 left on base; Barry's Bay 0 - Lee's Summit 1
BOTTOM OF THE 8TH
Lee's Summit Tigers batting - Pitching for Barry's Bay Orioles : RHP Henry Carroll
Batting: RHB José López 0-0: Called Strike
0-1: Foul Ball, location: 2F
0-2: Foul Ball, location: 2F
0-2: Strikes out swinging
Batting: RHB Gilberto Ferrer 0-0: Ball
1-0: Ball
2-0: Ball
3-0: Called Strike
3-1: Base on Balls
Batting: LHB Edward Rose 0-0: Called Strike
0-1: Swinging Strike
0-2: Ball
1-2: Ball
2-2: Grounds into double play, 6-4-3 (Groundball, 6M)
Bottom of the 8th over - 0 run(s), 0 hit(s), 0 error(s), 0 left on base; Barry's Bay 0 - Lee's Summit 1
TOP OF THE 9TH
Barry's Bay Orioles batting - Pitching for Lee's Summit Tigers : RHP Javier Pacheco
Pitching: RHP Jeff Mann
Now at 2B: Steven Wright
Pinch Hitting: RHB James Tucker 0-0: Called Strike
0-1: Ball
1-1: Ball
2-1: Ball
3-1: Foul Ball, location: 2F
3-2: DOUBLE (Flyball, 89XD)
Batting: LHB Manuel Pérez 0-0: Swinging Strike
0-1: Ball
1-1: Ball
2-1: Ball
3-1: Ground out 1-3 (Groundball, 13S)
James Tucker to third
Batting: LHB Howard Evans 0-0: Ball
1-0: Ball
2-0: SINGLE (Flyball, 78S)
James Tucker scores
Pinch Runner at 1st Orlando Valenzuela:
Batting: RHB Sergio Solíz 0-0: Ball
1-0: Ball
2-0: Ball
3-0: Called Strike
3-1: Called Strike
3-2: Fielders Choice at 2nd, U6 (Groundball, 6M)
Batting: LHB José Rodríguez 0-0: Ball
1-0: Called Strike
1-1: Called Strike
1-2: Ball
2-2: Foul Ball, location: 2F
2-2: Ball
3-2: Strikes out swinging
Top of the 9th over - 1 run(s), 2 hit(s), 0 error(s), 1 left on base; Barry's Bay 1 - Lee's Summit 1
BOTTOM OF THE 9TH
Lee's Summit Tigers batting - Pitching for Barry's Bay Orioles : RHP Henry Carroll
Pitching: RHP Artie Hall
Now in CF: Orlando Valenzuela
Now in RF: James Tucker
Batting: LHB José López 0-0: Ball
1-0: Foul Ball, location: 2F
1-1: Ground out 4-3 (Groundball, 4)
Batting: RHB Flint Todd 0-0: Ball
1-0: Swinging Strike
1-1: Ball
2-1: Ball
3-1: Called Strike
3-2: Strikes out looking
Batting: SHB Wayne Matthews 0-0: Ball
1-0: Foul Ball, location: 2F
1-1: Ball
2-1: Ball
3-1: Base on Balls
Pinch Hitting: RHB Alfredo López 0-0: Called Strike
0-1: Ball
1-1: Ball
2-1: Ball
3-1: Swinging Strike
3-2: Base on Balls
Wayne Matthews to second
Batting: LHB Milo Powers 0-0: Ball
1-0: Fielders Choice at 2nd, 6-4 (Groundball, 6)
Bottom of the 9th over - 0 run(s), 0 hit(s), 0 error(s), 1 left on base; Barry's Bay 1 - Lee's Summit 1
TOP OF THE 10TH
Barry's Bay Orioles batting - Pitching for Lee's Summit Tigers : RHP Jeff Mann
Now at C: Alfredo López
Pinch Hitting: RHB Tommy Wilson 0-0: Ball
1-0: Ball
2-0: Ball
3-0: Base on Balls
Batting: RHB Rob Schmidt 0-0: Sac Bunt - play at second, runner OUT -> throw to first, DP!
Batting: LHB Carlos Romero 0-0: Ball
1-0: Fly out, F7 (Flyball, 78D)
Top of the 10th over - 0 run(s), 0 hit(s), 0 error(s), 0 left on base; Barry's Bay 1 - Lee's Summit 1
BOTTOM OF THE 10TH
Lee's Summit Tigers batting - Pitching for Barry's Bay Orioles : RHP Artie Hall
Now at C: Tommy Wilson
Batting: RHB Ricardo Velásquez 0-0: Ball
1-0: Ball
2-0: Called Strike
2-1: SINGLE (Flyball, 78S)
Batting: RHB Steven Wright 0-0: Bunted foul
0-1: Bunted foul
0-2: Foul Ball, location: 2F
0-2: Ball
1-2: Foul Ball, location: 2F
1-2: Fly out, F5 (Line Drive, 56S)
Batting: RHB Gilberto Ferrer 0-0: Ball
1-0: DOUBLE (Line Drive, 7LM)
Ricardo Velásquez to third
Runner from 3rd tries for Home, SAFE, no throw or cutoff
Monday, December 5th, 2016 - OOTP Baseball 17.12 Build 75